← All builds
Front / Armada / Economy first / OBSERVED BUILD

Gauntlet defence

Front builds a Gauntlet by around 5:30, well before the norm, to anchor a defensive line at middle while the economy develops, backing it later with Rattlesnake and more Gauntlets.

#defence #artillery · 84 distinct matches · 44 players · 6% of Armada Front games · team won 56% of 86 · Recently observed

THE CATCH, AND WHAT COMES WITH IT
  • GauntletEarly defence from 5:31 · 8% of role by thenOnly 8% of Front games have it by then; others who build it get it around 11:14

Where those units first fight, in 72 games with kill data: in the middle 100%.

Those units destroy a typical 620 metal of enemy units by 15:00.

Then transitions into rocketeer (12% of army), blitz (12% of army), Rattlesnake (9% of army).

HOW TO PLAY IT

Key timing: Gauntlet by 5:34

  1. Open double mex and wind into a Vehicle Plant for the usual eco-first start.
  2. Add Beamer and defensive turf like Dragon's Teeth while eco grows.
  3. Commit early to a Gauntlet well ahead of the normal timing.
  4. Bring Rattlesnake into the mix to hold the defensive line at middle.
  5. Transition into T2 constructor once the line is anchored.

Phase by phase

TYPICAL OF ITS 84 GAMES · AGAINST STANDARD FRONT
  1. 1
  2. 2
  3. 3
PLAY THE OPENING

Follow the example game's first 6:32 step by step: what to build now, what comes next, and where it goes. At 1× it keeps pace with your own game.

  1. 1

    Up to the Bot Lab

    Economy
    • Metal Extractor2Mex
    • Wind Turbine1Wind
    Order
    1. Bot LabBot Lab after 3 mex, 1 winddone ~0:45, middle half 0:39–0:55

    Some games also: Vehicle Plant (41%)

    By 0:28 in all: 2 mex · 1 wind

    The example game in this phase · 2 steps
    1. Mex ×2
    2. Vehicle PlantVehicle Plantdone 0:42 · typical 0:47
  2. 2

    Bot Lab to Early defence

    Economy
    • Metal Extractor4Mex
    • Wind Turbine4Wind−2 vs standard
    Order
    1. GauntletEarly defence after 6 mex, 7 wind, 1 con turretdone ~6:37, middle half 6:07–7:10
    Builders
    • Construction Bot2 Con bot +2 vs standard
    Army
    • Sentry2 Sentry
    • Rocketeer3 Rocketeer +3 vs standard

    Some games also: tick (49%) · con turret (48%) · Lazarus (45%) · centurion (42%) · Radar Tower (36%)

    The standard build makes here, this one skips: 2 con vehicle · 3 janus

    By 5:31 in all: 6 mex · 8 wind · 1 con turret

    The example game in this phase · 24 steps
    1. RoverScout
    2. Mex
    3. RoverScout
    4. Wind
    5. BlitzBlitz ×4
    6. Construction VehicleCon vehicle ×3
    7. Mex
    8. JanusJanus ×2
    9. Mex ×2
    10. JanusJanus
    11. SentrySentry ×2
    12. WhistlerMissile truck
    13. SentrySentry
    14. JanusJanus
    15. SentrySentry ×2
    16. Wind
    17. JanusJanus
    18. SentrySentry
    19. Wind
    20. Construction VehicleCon vehicle
    21. Wind
    22. Construction VehicleCon vehicle
    23. SentrySentry
    24. GauntletGauntletdone 6:38 · typical 6:37
  3. 3

    Early defence to 10:00

    Economy
    • Metal Extractor1Mex
    • Wind Turbine17Wind
    Builders
    • Construction Turret2 Con turret

    Some games also: energy storage (50%) · Dragon's Teeth (47%) · Beamer (45%) · converter (40%) · Sentry (38%)

    The standard build makes here, this one skips: 2 blitz

    By 10:00 in all: 7 mex · 27 wind · 1 energy storage · 4 con turret

    The example game in this phase · 145 steps
    1. Wind
    2. BlitzBlitz ×3
    3. Wind
    4. BlitzBlitz ×4
    5. Wind
    6. Dragon's TeethDragon's Teeth
    7. BlitzBlitz
    8. Dragon's TeethDragon's Teeth ×3
    9. BlitzBlitz
    10. Dragon's TeethDragon's Teeth
    11. Mex ×2
    12. Wind
    13. BlitzBlitz ×2
    14. Wind
    15. BlitzBlitz
    16. Con turret
    17. BlitzBlitz
    18. Wind ×2
    19. BeamerBeamer
    20. Mex
    21. Wind
    22. Energy storage
    23. Wind
    24. Con turret
    25. BeamerBeamer
    26. Wind
    27. Advanced Metal ExtractorT2 mexdone 8:59 · typical 9:10
    28. Con turret
    29. Wind
    30. Con turret
    31. Construction VehicleCon vehicle
    32. Con turret
    33. Wind
    34. Mex
    35. Wind
    36. Dragon's TeethDragon's Teeth
    37. Advanced Metal ExtractorT2 mex
    38. Dragon's TeethDragon's Teeth ×4
    39. Wind
    40. Dragon's TeethDragon's Teeth ×3
    41. Mex
    42. Dragon's TeethDragon's Teeth ×2
    43. Wind
    44. Dragon's TeethDragon's Teeth
    45. Wind
    46. Dragon's TeethDragon's Teeth
    47. Construction VehicleCon vehicle
    48. Con turret
    49. Dragon's TeethDragon's Teeth ×6
    50. Wind
    51. Dragon's TeethDragon's Teeth
    52. Wind ×2
    53. FerretFerret
    54. Advanced Metal ExtractorT2 mex
    55. Wind ×4
    56. Advanced Metal ExtractorT2 mex
    57. Wind ×2
    58. Advanced Metal ExtractorT2 mex
    59. BlitzBlitz
    60. Wind
    61. BlitzBlitz
    62. Con turret
    63. Wind ×2
    64. RattlesnakeRattlesnakedone 12:10
    65. BlitzBlitz
    66. Wind
    67. Con turret
    68. Wind
    69. BlitzBlitz ×2
    70. Wind
    71. BlitzBlitz
    72. Wind
    73. BlitzBlitz
    74. Advanced Metal ExtractorT2 mex
    75. Wind
    76. BlitzBlitz
    77. Wind
    78. BlitzBlitz
    79. Wind
    80. Con turret
    81. BlitzBlitz
    82. Dragon's TeethDragon's Teeth
    83. Wind
    84. Dragon's TeethDragon's Teeth ×2
    85. BlitzBlitz
    86. Dragon's TeethDragon's Teeth
    87. Wind
    88. Dragon's TeethDragon's Teeth
    89. BlitzBlitz
    90. Dragon's TeethDragon's Teeth
    91. Wind
    92. Dragon's TeethDragon's Teeth
    93. BlitzBlitz
    94. Dragon's TeethDragon's Teeth ×3
    95. BlitzBlitz
    96. Wind
    97. BlitzBlitz
    98. Con turret
    99. BlitzBlitz
    100. Wind
    101. BlitzBlitz
    102. BeamerBeamer
    103. Wind
    104. BlitzBlitz
    105. Con turret
    106. BlitzBlitz
    107. Wind
    108. BlitzBlitz
    109. Wind
    110. BlitzBlitz ×3
    111. Wind
    112. BeamerBeamer
    113. BlitzBlitz
    114. Wind
    115. BlitzBlitz
    116. Wind
    117. BlitzBlitz ×2
    118. Wind
    119. BlitzBlitz ×3
    120. Wind
    121. BeamerBeamer
    122. BlitzBlitz
    123. Wind
    124. BlitzBlitz ×2
    125. Wind
    126. BlitzBlitz ×2
    127. Wind
    128. BlitzBlitz ×2
    129. BeamerBeamer
    130. Wind
    131. BlitzBlitz
    132. Wind
    133. BlitzBlitz ×2
    134. Wind
    135. BlitzBlitz ×2
    136. Wind
    137. BlitzBlitz
    138. Dragon's TeethDragon's Teeth
    139. BlitzBlitz
    140. Dragon's TeethDragon's Teeth ×2
    141. BlitzBlitz
    142. Dragon's TeethDragon's Teeth ×2
    143. BlitzBlitz
    144. Dragon's TeethDragon's Teeth
    145. BlitzBlitz ×3

Counts are medians over the build's games: half of them build more, half fewer. The example game is DRM's (42 OS, 24/09/2026); pick another.

Team trades

IN AT LEAST 30% OF ITS GAMES

You hand over

Nothing regular.

You get

  • Tidal Generator4 Tidal from Pondfirst at 0:19 · in 79% of games
  • Advanced Construction Bot1 T2 con bot from Geo or Techfirst at 7:23 · in 63% of games

How it plays out

Typical game of this build against the role’s standard build, running totals by minute

  • This build
  • Standard front

Metal produced

010k20k30k
0:005:0010:0015:00

metal

Enemy metal destroyed

05k10k
0:005:0010:0015:00

metal

Own metal lost

05k10k
0:005:0010:0015:00

metal

86 games.

Show as table
ByMetal produced: This buildMetal produced: Standard frontEnemy metal destroyed: This buildEnemy metal destroyed: Standard frontOwn metal lost: This buildOwn metal lost: Standard front
1:003333330000
2:0086284629213131
3:0016571624127140109105
4:0027052712435540302333
5:00387938688501188593813
6:00509650761444209910881526
7:00633763141987298417222459
8:00762976622705387122953365
9:00906090873544463228574312
10:0010927106663958530833545060
11:0013153126084497581943315701
12:0015864148155115631355116521
13:0018984174405686698165067256
14:0022200201836548758475798093
15:0025798226307050839486268939
WHAT THE NUMBERS SAY

Won less often than the standard build and destroyed noticeably less enemy metal, despite pulling ahead in metal produced by 15:00.

  • + Metal produced by 15:00 clearly ahead (23942 vs 22219)
  • + Own metal lost by 15:00 about even (8933 vs 8949)
  • − Team win rate below standard (51% vs 61%)
  • − Enemy metal destroyed by 15:00 well behind (6999 vs 8347)
THE EXAMPLE YOU ARE READING

DRM

42.1 OS · 24/09/2026

Open source match ↗

12 received units · includes a constructor
11 metal received · 44806 energy received

Allied construction assistance is unknown. Timings are observations, not a promise of solo reproducibility.

Typical milestones

Bot Lab0:45Middle 50%: 0:39–0:55 · n=57
Vehicle Plant0:47Middle 50%: 0:41–1:00 · n=54
Gauntlet6:37Middle 50%: 6:07–7:10 · n=72
Advanced Metal Extractor9:10Middle 50%: 8:15–10:41 · n=69

Played most by

Leohvm12games of this buildDRM7games of this buildCentientWaffle4games of this buildGodmother134games of this buildarmjanus3games of this build